 Dungeon Crawl Stone Soup version 0.31-a0-455-g1a7b003ef0 (webtiles) character file.

Game seed: 12542585870540286139

112 zazu2006 the Blocker (level 4, -4/32 HPs)
             Began as a Gnoll Wanderer on Aug 3, 2023.
             Killed by divine providence
             ... invoked by an orc priest
              (16 damage)
             ... on level 3 of the Dungeon.
             The game lasted 00:03:59 (2105 turns).

zazu2006 the Blocker (Gnoll Wanderer)               Turns: 2105, Time: 00:04:00

Health: -4/32      AC:  8    Str: 12    XL:     4   Next: 95%
Magic:  4/5        EV: 11    Int: 11    God:
Gold:   166        SH:  8    Dex: 13    Spells: 4/5 levels left

rFire   . . .        a - +0 spear
rCold   . . .        b - +2 buckler
rNeg    . . .        f - +0 leather armour
rPois   .            (no helmet)
rElec   .            (no cloak)
rCorr   .            o - +0 pair of gloves
SInv    .            (no boots)
Will    .....        (no amulet)
Stlth   +            h - +4 ring of protection
HPRegen 0.25/turn    (no ring)
MPRegen 0.09/turn

%: no passive effects
@: no status effects
A: fangs 1, strong nose, distributed training
a: no special abilities


You were on level 3 of the Dungeon.
You visited 1 branch of the dungeon, and saw 3 of its levels.

You collected 166 gold pieces.

Inventory:

Hand Weapons
 a - a +0 spear (weapon)
 d - a +0 dagger
 m - a +0 short sword of electrocution
Missiles
 c - 23 poisoned darts (quivered)
 g - 3 curare-tipped darts
Armour
 b - a +2 buckler (worn)
 f - a +0 leather armour (worn)
 o - a +0 pair of gloves (worn)
Jewellery
 h - a +4 ring of protection (left hand)
 l - a ring of ice
 p - a ring of see invisible
Scrolls
 e - a scroll of blinking
 j - 2 scrolls of identify {unknown}
 q - a scroll of enchant weapon {unknown}
Potions
 i - a potion of ambrosia {unknown}
 k - 2 potions of lignification {unknown}
 n - 3 potions of mutation {unknown}


   Skills:
 + Level 1.3 Fighting
 + Level 1.3 Short Blades
 + Level 1.3 Long Blades
 + Level 1.3 Axes
 + Level 1.3 Maces & Flails
 + Level 6.6 Polearms
 + Level 1.3 Staves
 + Level 1.3 Ranged Weapons
 + Level 4.7 Throwing
 + Level 1.3 Armour
 + Level 1.3 Dodging
 + Level 1.3 Stealth
 + Level 10.5 Shields
 + Level 1.3 Unarmed Combat
 + Level 1.3 Spellcasting
 + Level 1.0 Conjurations
 + Level 1.0 Hexes
 + Level 1.0 Summonings
 + Level 1.0 Necromancy
 + Level 1.0 Translocations
 + Level 1.0 Transmutations
 + Level 1.0 Fire Magic
 + Level 1.0 Ice Magic
 + Level 1.0 Air Magic
 + Level 1.0 Earth Magic
 + Level 1.0 Poison Magic
 + Level 1.4 Invocations
 + Level 1.3 Evocations
 + Level 1.0 Shapeshifting


You had 4 spell levels left.
You knew the following spells:

 Your Spells              Type           Power      Damage    Failure   Level
a - Sting                 Tmut/Pois      12%        1d3       32%         1

Your spell library contained the following spells:

 Spells                   Type           Power      Damage    Failure   Level
 Poisonous Vapours        Pois/Air       6%         N/A       45%         2
 Sublimation of Blood     Necr           3%         N/A       45%         2
 Wereblood                Tmut           3%         N/A       45%         2
 Olgreb's Toxic Radiance  Pois           3%         N/A       97%         4
 Summon Hydra             Summ           1%         N/A       100%        7


Dungeon Overview and Level Annotations

Branches:
Dungeon (3/15)

Altars:
Kikubaaqudgha
Qazlal


Innate Abilities, Weirdness & Mutations

You have very sharp teeth.
Your uncanny sense of smell can sniff out nearby items.
Your experience applies equally to all skills.


Message History

The cerulean imp disappears in a puff of smoke! x2
You barely miss the ball python. Your bite misses the ball python.
The ball python misses you. The ball python barely misses you.
You hit the ball python.
You kill the ball python!
Found 2 viscous brown potions.
Memorise Sting, consuming 1 spell level and leaving 4?
You start memorising the spell.
You continue memorising.
You finish memorising.
Spell assigned to 'a'.
c - 23 poisoned darts (gained 2)
Things that are here:
a +0 dagger; a kobold corpse
n - 3 viscous brown potions (gained 2)
You now have 166 gold pieces (gained 13).
You see here a +2 spear of distortion.
Found a stone staircase leading down.
Found a stone staircase leading up.
Found a stormy altar of Qazlal.
An orc wizard comes into view. It is wielding a +0 dagger.
An orc wizard is nearby!
An orc priest comes into view. It is wielding a +0 falchion.
An orc comes into view. It is wielding a +0 hand axe.
The orc wizard shouts!
The orc priest shouts!
The orc wizard gestures at you while chanting.
The magic dart hits you.
The orc shouts!
Casting: Sting (safe; 32% risk of failure)
Confirm with . or Enter, or press ? or * to list all spells.
Aiming: Sting (safe; 32% risk of failure)
Press: ? - help, Shift-Dir - straight line, f - orc wizard
Aim: an orc wizard, wielding a +0 dagger and wearing a +0 robe (55% to hit)
The sting hits the orc wizard but does no damage.
The orc wizard is poisoned.
The orc priest invokes the aid of Beogh against you.
Beogh smites you!
The orc priest casts a cantrip, but nothing happens.
The orc priest calls down the wrath of Beogh upon you.
Beogh smites you!
Ouch! That really hurt!
You die...

#.# #o# #.#
∆ #.# #o#
#.# ##o#
#..# #@##
#.# #.# #.#
#.# ###
####.#
§§§§§§#.##.#
§§§§§§#.##.#
§§§§§§#.##.#


You could see an orc priest, an orc wizard (poisoned) and an orc.

Vanquished Creatures
  Natasha (D:3)
  2 adders (D:3)
  3 dart slugs
  An orc (D:2)
  2 bats
  7 endoplasms
  3 giant cockroaches
  4 goblins
  3 hobgoblins
  A quokka (D:2)
  6 ball pythons
  13 frilled lizards
  10 kobolds
  8 rats
64 creatures vanquished.

Notes
Turn   | Place    | Note
-------+----------+-------------------------------------------
     0 | D:1      | Reached skill level 10 in Shields
     0 | D:1      | zazu2006 the Gnoll Wanderer began the quest for the Orb.
     0 | D:1      | zazu2006 set off with the following items: a +0 spear, a +2
                  | buckler, 14 poisoned darts, a +0 dagger, a scroll of
                  | blinking, a +0 leather armour.
     0 | D:1      | Reached XP level 1. HP: 13/13 MP: 1/1
   106 | D:1      | Reached XP level 2. HP: 19/19 MP: 2/2
  1039 | D:2      | Reached XP level 3. HP: 19/25 MP: 3/3
  1172 | D:2      | Reached skill level 1 in Invocations
  1212 | D:2      | Found an ancient bone altar of Kikubaaqudgha.
  1290 | D:2      | Found a faded altar of an unknown god.
  1499 | D:2      | Reached skill level 1 in Fighting
  1499 | D:2      | Reached skill level 1 in Short Blades
  1499 | D:2      | Reached skill level 1 in Long Blades
  1499 | D:2      | Reached skill level 1 in Axes
  1499 | D:2      | Reached skill level 1 in Maces & Flails
  1499 | D:2      | Reached skill level 1 in Staves
  1499 | D:2      | Reached skill level 1 in Ranged Weapons
  1499 | D:2      | Reached skill level 1 in Armour
  1499 | D:2      | Reached skill level 1 in Dodging
  1499 | D:2      | Reached skill level 1 in Stealth
  1499 | D:2      | Reached skill level 1 in Unarmed Combat
  1499 | D:2      | Reached skill level 1 in Spellcasting
  1499 | D:2      | Reached skill level 1 in Evocations
  1634 | D:3      | Reached XP level 4. HP: 32/32 MP: 5/5
  1814 | D:3      | Reached skill level 1 in Conjurations
  1814 | D:3      | Reached skill level 1 in Hexes
  1814 | D:3      | Reached skill level 1 in Summonings
  1814 | D:3      | Reached skill level 1 in Necromancy
  1814 | D:3      | Reached skill level 1 in Translocations
  1814 | D:3      | Reached skill level 1 in Transmutations
  1814 | D:3      | Reached skill level 1 in Fire Magic
  1814 | D:3      | Reached skill level 1 in Ice Magic
  1814 | D:3      | Reached skill level 1 in Air Magic
  1814 | D:3      | Reached skill level 1 in Earth Magic
  1814 | D:3      | Reached skill level 1 in Poison Magic
  1814 | D:3      | Reached skill level 1 in Shapeshifting
  1888 | D:3      | Noticed Natasha
  1908 | D:3      | Killed Natasha
  1914 | D:3      | Learned a level 1 spell: Sting
  2079 | D:3      | Found a stormy altar of Qazlal.
  2105 | D:3      | Killed from afar by an orc priest

Illustrated notes

Levels and vault maps discovered:
D:1:      minmay_arrival_semitransparent, layout_loops_corners,
          lexackson_kobold_supper
D:2:      layout_rooms, hellmonk_ecumenical_altar_defaced_shrine, basic_altar,
          minmay_lizard_king
D:3:      minmay_evil_eye, layout_loops_ring, nicolae_qazlal_eye_of_the_storm,
          minmay_randomly_rotated_circles, uniq_natasha

Skill      XL: |  1  2  3  4 |
---------------+-------------+-----
Shields        | | 10.5
Invocations    | 1 |  1.4
Fighting       | 1 |  1.3
Short Blades   | 1 |  1.3
Long Blades    | 1 |  1.3
Axes           | 1 |  1.3
Maces & Flails | 1 |  1.3
Staves         | 1 |  1.3
Ranged Weapons | 1 |  1.3
Armour         | 1 |  1.3
Dodging        | 1 |  1.3
Stealth        | 1 |  1.3
Unarmed Combat | 1 |  1.3
Spellcasting   | 1 |  1.3
Evocations     | 1 |  1.3
Conjurations   | 1 |  1.0
Hexes          | 1 |  1.0
Summonings     | 1 |  1.0
Necromancy     | 1 |  1.0
Translocations | 1 |  1.0
Transmutations | 1 |  1.0
Fire Magic     | 1 |  1.0
Ice Magic      | 1 |  1.0
Air Magic      | 1 |  1.0
Earth Magic    | 1 |  1.0
Poison Magic   | 1 |  1.0
Shapeshifting  | 1 |  1.0
Polearms       | |  6.6
Throwing       | |  4.7

Action                     |  1- 3 |  4- 6 || total
---------------------------+-------+-------++-------
  Melee: Spear             |   183 |    50 ||   233
         Bite              |    18 |     4 ||    22
   Cast: Sting             |       |     1 ||     1
   Stab: Sleeping          |     3 |       ||     3
 Armour: Leather armour    |    27 |    15 ||    42
  Dodge: Dodged            |    59 |    19 ||    78
  Block: Buckler           |    60 |    11 ||    71

Table legend: (Time is in decaauts)
 A = Elapsed time spent in this place.
 B = Non-inter-level travel time spent in this place.
 C = Inter-level travel time spent in this place.
 D = Time resting spent in this place.
 E = Time spent auto-exploring this place.
 F = Levels seen in this place.
 G = Mean time per level.
                   A        B        C        D        E       F      G
               +--------+--------+--------+--------+--------+-----+--------+
         Total |   2059 |   1997 |     62 |      0 |   1528 |   3 |  686.3 |
       Dungeon |   2059 |   1997 |     62 |      0 |   1528 |   3 |  686.3 |
               +--------+--------+--------+--------+--------+-----+--------+

Top non-repeatable levels by time:
     D:1: 928 daAuts
     D:3: 566 daAuts
     D:2: 564 daAuts
